AoeStats
← paultse

African Clearing

510328900Analyzed
4v4 RM · 3d ago on Sep 30, 2026· 29m 56s· 8 players
Game mode
Random Map
Map size
Large (8 player)
Population
200
Speed
Normal
Resources
Standard
Victory
Conquest
Starting age
Dark Age
Ending age
Imperial Age
RankedLock teamsTeams togetherTeam positionsShared explorationLock speedFull tech treeHidden civsTurbo modeCheats
Victory
Defeat
🇨🇳 Saxons · China
1253
+16
🇮🇱 Spanish · Israel
1219
+17
🇨🇳 Vietnamese · China
1209
+17
🇹🇼 Varangians · Taiwan
1164
+19
🇨🇳 Tatars · China
1319
-20
🇨🇳 Huns · China
1247
-18
🇵🇪 Spanish · Peru
1236
-17
🇭🇰 Mongols · Hong Kong SAR China
1163
-14
Mike
5:12 Loom
14:33 Feudal Age
18:39 Castle Age
17:13 Double-Bit Axe
19:52 Horse Collar
21:49 Bow Saw
25:13 Heavy Plow
28:26 Fletching
28:37 Padded Archer Armor
-d
11:48 Feudal Age
17:53 Castle Age
15:55 Fletching
16:14 Double-Bit Axe
16:48 Gold Mining
17:40 Padded Archer Armor
24:07 Crossbowman
開機中
8:15 Loom
14:35 Feudal Age
16:47 Double-Bit Axe
19:27 Castle Age
17:45 Stone Mining
18:02 Scale Barding Armor
19:39 Forging
21:28 Chain Barding Armor
21:31 Bloodlines
23:15 Bow Saw
26:30 Iron Casting
28:00 Husbandry
Minneapolis
6:58 Loom
13:03 Feudal Age
15:09 Double-Bit Axe
18:02 Castle Age
16:49 Fletching
16:51 Gold Mining
19:04 Bow Saw
19:12 Padded Archer Armor
23:08 Wheelbarrow
24:44 Ballistics
25:40 Bodkin Arrow
27:34 Bloodlines
29:19 Gold Mining
Iam_Toretto
12:13 Feudal Age
12:06 Loom
17:42 Castle Age
16:06 Double-Bit Axe
16:23 Horse Collar
16:49 Gold Mining
18:44 Bow Saw
20:12 Wheelbarrow
21:53 Padded Archer Armor
24:40 Wheelbarrow
24:25 Leather Archer Armor
29:17 Fletching
paultse
14:23 Feudal Age
12:39 Loom
18:51 Castle Age
16:52 Double-Bit Axe
17:27 Stone Mining
18:49 Horse Collar
19:27 Bloodlines
20:30 Bow Saw
24:52 Heavy Plow
25:56 Scale Barding Armor
27:00 Gold Mining
29:11 Wheelbarrow
28:21 Town Watch
28:55 Fletching
29:33 Bodkin Arrow
jinzhi
13:55 Feudal Age
18:23 Castle Age
19:54 Stone Mining
20:05 Double-Bit Axe
23:20 Wheelbarrow
青柑普洱
14:04 Feudal Age
15:40 Double-Bit Axe
18:03 Castle Age
16:38 Fletching
18:43 Bodkin Arrow
19:15 Loom
21:13 Padded Archer Armor
23:20 Horse Collar
29:56 Wheelbarrow
29:28 Heavy Plow
Connection lost

Rejoining the realm…

Still unreachable

The connection could not be restored.

Session expired

The server has moved on; the page needs a fresh start.